 Dungeon Crawl Stone Soup version 0.28.0-53-g5a82cb258f (webtiles) character file.

Game seed: 15898327055509893496

214 Infinimo the Cudgeller (level 5, -15/55 HPs)
             Began as an Ogre Gladiator on May 29, 2022.
             Demolished by an ogre
             ... wielding a +0 giant spiked club
              (16 damage)
             ... on level 6 of the Dungeon.
             The game lasted 00:04:02 (3274 turns).

Infinimo the Cudgeller (Ogre Gladiator)             Turns: 3274, Time: 00:04:02

Health: -15/55     AC:  3    Str: 20    XL:     5   Next: 92%
Magic:  5/5        EV: 10    Int:  9    God:
Gold:   149        SH:  0    Dex: 10    Spells: 4/4 levels left

rFire   . . .      SeeInvis .   a - +0 flail
rCold   . . .      Faith    .   (no shield)
rNeg    . . .      Spirit   .   b - +0 robe
rPois   .          Reflect  .   c - +0 hat
rElec   .          Harm     .   (no cloak)
rCorr   .          Rampage  .   (gloves unavailable)
Will    .....                   (boots unavailable)
Stlth   +.........              (no amulet)
HPRegen 0.18/turn               (no ring)
MPRegen 0.09/turn               (no ring)

@: no status effects
A: large, unfitting armour, tough skin 1
a: no special abilities


You were on level 6 of the Dungeon.
You visited 1 branch of the dungeon, and saw 4 of its levels.

You collected 149 gold pieces.

Inventory:

Hand Weapons
 a - a +0 flail (weapon)
 k - a +0 hunting sling
Missiles
 d - 3 throwing nets (quivered)
Armour
 b - a +0 robe (worn)
 c - a +0 hat (worn)
Potions
 g - a potion of berserk rage {unknown}
 h - a potion of haste {unknown}
 i - a potion of lignification
 l - a potion of heal wounds {unknown}


   Skills:
 + Level 4.9 Fighting
 * Level 5.0 Maces & Flails
 - Level 2.0 Throwing
 - Level 2.6 Dodging


You had 4 spell levels left.
You didn't know any spells.
Your spell library contained the following spells:

 Spells                   Type           Power      Damage    Failure   Level
 Summon Small Mammal      Summ           0%         N/A       38%         1
 Call Canine Familiar     Summ           0%         N/A       77%         3
 Summon Guardian Golem    Hex/Summ       0%         N/A       77%         3
 Tukima's Dance           Hex            0%         N/A       77%         3
 Anguish                  Hex/Necr       0%         N/A       99%         4
 Summon Ice Beast         Ice/Summ       0%         N/A       99%         4
 Summon Mana Viper        Hex/Summ       0%         N/A       100%        5
 Enfeeble                 Hex            0%         N/A       100%        7
 Monstrous Menagerie      Summ           0%         N/A       100%        7


Dungeon Overview and Level Annotations

Branches:
Dungeon (3/15)

Altars:
Elyvilon
Okawaru
Vehumet

Annotations:
D:6 Prince Ribbit


Innate Abilities, Weirdness & Mutations

You are too large for most types of armour.
You have tough skin. (AC +1)


Message History

Deactivating autopickup; reactivate with Ctrl-A.
A sky beast appears from thin air!
Reactivating autopickup.
An ogre comes into view. It is wielding a +0 giant spiked club.
The sky beast flickers out of sight!
Deactivating autopickup; reactivate with Ctrl-A.
A sky beast appears from thin air!
Reactivating autopickup.
A centaur comes into view.
Found a hunting sling.
The centaur shouts!
The centaur wields a +0 shortbow.
The centaur shoots an arrow.
The arrow barely misses you.
The centaur shoots an arrow.
The arrow hits you.
The sky beast flickers out of sight!
Deactivating autopickup; reactivate with Ctrl-A.
The centaur shoots an arrow.
The arrow hits you!
* * * LOW HITPOINT WARNING * * *
As you read the scroll labelled TOAPI ALIFF, it crumbles to dust.
Your body is wracked with pain!
* * * LOW HITPOINT WARNING * * *
Something is bathed in an unholy light!
Prince Ribbit convulses!
The ogre convulses!
The sky beast convulses!
The centaur convulses!
It was a scroll of torment.
Prince Ribbit closely misses you.
The centaur shoots an arrow.
The arrow hits you.
* * * LOW HITPOINT WARNING * * *
Prince Ribbit lets out a mournful croak.
Prince Ribbit barely misses you.
Unknown command.
It was a potion of curing.
You feel better.
The centaur shoots an arrow.
The arrow hits you.
* * * LOW HITPOINT WARNING * * *
Prince Ribbit closely misses you.
A sky beast appears from thin air!
Reactivating autopickup.
The sky beast hits you.
* * * LOW HITPOINT WARNING * * *
The sky beast shocks you.
* * * LOW HITPOINT WARNING * * *
The ogre hits you with a +0 giant spiked club!
You die...

...#
####.##.#
#...#
#.......#
#...#
#......≈#
#.....≈.#
#....≈..##
#........#
#...≈≈≈..#
#..≈≈≈≈FY#
#..≈≈_≈Y@#
##.≈≈.≈≈O#
#.≈≈.≈≈.#
#.≈≈.≈≈.#
#.≈...≈.#
..≈.8.≈..
..c..)...
.........


You could see Prince Ribbit, 2 sky beasts, an ogre and a centaur.

Vanquished Creatures
  2 orc wizards (D:3)
  7 gnolls
  4 adders
  2 dart slugs (D:2)
  4 orcs (D:3)
  5 bats
  2 endoplasms (D:1)
  3 giant cockroaches
  10 goblins
  6 hobgoblins
  3 kobolds
  A quokka (D:1)
  6 ball pythons
  A frilled lizard (D:1)
  2 rats (D:1)
58 creatures vanquished.

Notes
Turn   | Place    | Note
-------+----------+-------------------------------------------
     0 | D:1      | Infinimo the Ogre Gladiator began the quest for the Orb.
     0 | D:1      | Reached XP level 1. HP: 22/22 MP: 1/1
   248 | D:1      | Reached skill level 3 in Maces & Flails
   252 | D:1      | Reached XP level 2. HP: 12/31 MP: 2/2
   707 | D:1      | Reached XP level 3. HP: 37/37 MP: 3/3
  1864 | D:2      | Reached XP level 4. HP: 42/48 MP: 4/4
  1896 | D:1      | Reached skill level 4 in Maces & Flails
  2422 | D:2      | Found a faded altar of an unknown god.
  2495 | D:1      | Reached XP level 5. HP: 51/54 MP: 5/5
  3136 | D:3      | Reached skill level 5 in Maces & Flails
  3211 | D:3      | Found an iron altar of Okawaru.
  3232 | D:3      | Found a white marble altar of Elyvilon.
  3239 | D:3      | You fall into a shaft and drop 3 floors!
  3239 | D:6      | Noticed a sky beast
  3259 | D:6      | Noticed Prince Ribbit
  3262 | D:6      | Noticed a sky beast
  3265 | D:6      | Found a radiant altar of Vehumet.
  3270 | D:6      | Noticed an ogre
  3271 | D:6      | Noticed a centaur
  3274 | D:6      | HP: 1/55 [sky beast (6)]
  3274 | D:6      | Demolished by an ogre

Illustrated notes

Levels and vault maps discovered:
D:1:      erik_arrival_triangle_small, layout_loops_ring
D:2:      layout_rooms, hellmonk_ecumenical_altar_prayer_group
D:3:      layout_rooms, mainiacjoe_overflow_alcove_1,
          mainiacjoe_overflow_24_doors
D:6:      layout_basic, mainiacjoe_overflow_catwalk, kennysheep_mini_moat,
          chequers_serial_rivers_micro_e, chequers_serial_rivers_micro_e,
          hex_intersection, uniq_prince_ribbit1

Skill      XL: |  1  2  3  4  5 |
---------------+----------------+-----
Fighting       | 3 4 |  4.9
Maces & Flails | 3 4 5 |  5.0
Throwing       | |  2.0
Dodging        | |  2.6

Action                   |  1- 3 |  4- 6 || total
-------------------------+-------+-------++-------
Melee: Flail             |   107 |    96 ||   203
       Punch             |     1 |     2 ||     3
  Use: Scroll            |     4 |     1 ||     5
       Potion            |     1 |     1 ||     2
 Stab: Sleeping          |       |     1 ||     1
Armor: Robe              |    38 |    26 ||    64
       Skin              |     1 |       ||     1
Dodge: Dodged            |    72 |    63 ||   135
